 Dungeon Crawl Stone Soup version 0.31-a0-844-gdc52ec4e09 (webtiles) character file.

Game seed: 16557522710251864147

264 Ijustatesigmund the Magician (level 5, -8/29 HPs)
             Began as a Deep Elf Fire Elementalist on Sept 29, 2023.
             Asphyxiated
             ... in a sewer.
             The game lasted 00:05:58 (2977 turns).

Ijustatesigmund the Magician (DEFE)                 Turns: 2977, Time: 00:05:58

Health: -8/29      AC:  9    Str:  5    XL:     5   Next: 98%
Magic:  10/14      EV: 12    Int: 22    God:
Gold:   126        SH:  0    Dex: 15    Spells: 3/13 levels left

rFire   . . .        c - +0 whip
rCold   . . .        (no shield)
rNeg    . . .        a - +0 robe
rPois   .            i - +2 helmet
rElec   .            (no cloak)
rCorr   .            (no gloves)
SInv    +            (no boots)
Will    .....        (no amulet)
Stlth   ++           h - ring of see invisible
HPRegen 0.24/turn    k - +4 ring of protection
MPRegen 0.14/turn

%: no passive effects
@: lethally poisoned (-8 -> -32), slowed, very slow
A: no striking features
a: no special abilities


You were in a sewer.
You visited 1 branch of the dungeon, and saw 3 of its levels.
You also visited: Sewer.

You collected 126 gold pieces.

Inventory:

Hand Weapons
 c - a +0 whip (weapon)
Armour
 a - a +0 robe (worn)
 i - a +2 helmet (worn)
Jewellery
 h - a ring of see invisible (left hand)
 j - a ring of flight
 k - a +4 ring of protection (right hand)
Scrolls
 f - a scroll of silence {unknown}
 l - 2 scrolls of teleportation
Potions
 b - 2 potions of magic
 d - 2 potions of experience {unknown}
 e - a potion of curing
 g - 2 potions of heal wounds {unknown}
 m - a potion of brilliance {unknown}


   Skills:
 - Level 1.3 Fighting
 - Level 2.4 Dodging
 - Level 2.4 Stealth
 + Level 4.9 Spellcasting
 + Level 3.3 Conjurations
 + Level 4.6 Fire Magic
 + Level 2.1 Ice Magic


You had 3 spell levels left.
You knew the following spells:

 Your Spells              Type           Power      Damage    Failure   Level
a - Foxfire               Conj/Fire      88%        2x1d8     1%          1
b - Scorch                Fire           50%        2d7       2%          2
c - Flame Wave            Conj/Fire      22%        2d8       21%         4
d - Frozen Ramparts       Ice            28%        1d5       13%         3

Your spell library contained the following spells:

 Spells                   Type           Power      Damage    Failure   Level
 Inner Flame              Hex/Fire       15%        N/A       12%         3
 Volatile Blastmotes      Fire/Tloc      30%        2d12      12%         3
 Petrify                  Tmut/Erth      5%         N/A       71%         4
 Metabolic Englaciation   Hex/Ice        5%         N/A       88%         5


Dungeon Overview and Level Annotations

Branches:
Dungeon (3/15)              Sewer (1/1)

Altars:
Xom


Message History

Casting: Foxfire (safe; 1% risk of failure)
Confirm with . or Enter, or press ? or * to list all spells.
You conjure some foxfire!
The kobold shouts!
The kobold throws a stone.
The stone hits you but does no damage.
The foxfire hits the kobold brigand!
The kobold brigand is moderately wounded.
Casting: Foxfire (safe; 1% risk of failure)
Confirm with . or Enter, or press ? or * to list all spells.
You conjure some foxfire!
The foxfire hits the kobold brigand.
The kobold brigand is moderately wounded.
The foxfire hits the kobold brigand but does no damage.
The kobold brigand is moderately wounded.
Your foxfire dissipates!
Casting: Foxfire (safe; 1% risk of failure)
Confirm with . or Enter, or press ? or * to list all spells.
Flames lash the kobold brigand.
The kobold brigand is heavily wounded.
The kobold brigand's fire resistance burns away.
The kobold brigand throws a curare-tipped dart.
The curare-tipped dart hits you.
You are poisoned.
You have difficulty breathing.
You feel yourself slow down.
You feel very sick.
The kobold brigand throws a curare-tipped dart.
The curare-tipped dart hits you.
You are lethally poisoned!
You have difficulty breathing.
You feel as though you will be slow longer.
Casting: Scorch (safe; 2% risk of failure)
Confirm with . or Enter, or press ? or * to list all spells.
You conjure some foxfire!
* * * LOW HITPOINT WARNING * * *
You feel extremely sick.
The kobold brigand throws a curare-tipped dart.
The curare-tipped dart hits you.
You are more poisoned.
You have difficulty breathing.
You die...

#~# #≈# #~# #≈# #~#
#≈# ##~## ##≈##
##...## ##.~.##
#~....####..~.~#####~
#~..~.~~~~....~≈≈≈≈≈~
#..v~~####....~#####
##.v@## ##..~## ##.##
##~## #K# #~# #.# #~#
#K ##)## #. ##~†.##
~! #~~..~# ..
#.....≈≈≈≈≈.
#.....#####.


You could see a kobold brigand (combustible, ally target) and a kobold.

Vanquished Creatures
  A kobold brigand (Sewer)
  A hound (D:2)
  Terence (D:2)
  Robin (D:2)
  4 adders
  A river rat (D:3)
  4 worms
  4 orcs
  2 endoplasms
  6 giant cockroaches
  8 goblins
  6 hobgoblins
  A jackal (D:1)
  9 kobolds
  3 quokkas
  6 ball pythons
  3 bats
  3 frilled lizards (D:1)
  3 rats
67 creatures vanquished.

Vanquished Creatures (others)
  146 foxfires
146 creatures vanquished.

Grand Total: 213 creatures vanquished

Notes
Turn   | Place    | Note
-------+----------+-------------------------------------------
     0 | D:1      | Ijustatesigmund the Deep Elf Fire Elementalist began the
                  | quest for the Orb.
     0 | D:1      | Reached XP level 1. HP: 10/10 MP: 6/6
   228 | D:1      | Reached XP level 2. HP: 14/16 MP: 0/8
   234 | D:1      | Learned a level 2 spell: Scorch
  1219 | D:2      | Reached XP level 3. HP: 20/20 MP: 6/10
  1312 | D:2      | Reached skill level 1 in Fighting
  1355 | D:2      | Noticed Terence
  1364 | D:2      | Killed Terence
  1365 | D:2      | Reached XP level 4. HP: 25/25 MP: 4/12
  1370 | D:2      | Learned a level 4 spell: Flame Wave
  1374 | D:2      | Learned a level 3 spell: Frozen Ramparts
  1835 | D:2      | Noticed Robin
  1867 | D:2      | Killed Robin
  2317 | D:3      | Found a shimmering altar of Xom.
  2331 | D:3      | Reached skill level 1 in Ice Magic
  2348 | D:3      | Reached XP level 5. HP: 29/29 MP: 8/13
  2375 | D:3      | Found a glowing drain.
  2400 | Sewer    | Entered a sewer
  2977 | Sewer    | Asphyxiated

Illustrated notes

Levels and vault maps discovered:
D:1:      evilmike_arrival_crescent, layout_loops_ring, minmay_pentomino_t2
D:2:      layout_loops_ring, minmay_tripent, uniq_terence,
          uniq_crazy_yiuf_cottage, uniq_robin
D:3:      layout_basic, mainiacjoe_overflow_small_starburst,
          shapermc_ecumenical_altar_mp_vishouse, portal_sewer_entry_c
Sewer:    sewer_co_15_rooms

Skill      XL: |  1  2  3  4  5 |
---------------+----------------+-----
Fighting       | 1 |  1.3
Conjurations   | 2 3 |  3.3
Spellcasting   | 4 |  4.9
Fire Magic     | 4 |  4.6
Ice Magic      | 1 2 |  2.1
Dodging        | |  2.4
Stealth        | |  2.4

Action                     |  1- 3 |  4- 6 || total
---------------------------+-------+-------++-------
  Melee: Whip              |       |    22 ||    22
         Punch             |       |     1 ||     1
   Cast: Foxfire           |    52 |    40 ||    92
         Scorch            |     5 |    15 ||    20
         Flame Wave        |       |     2 ||     2
         Frozen Ramparts   |       |     1 ||     1
    Use: Scroll            |       |     4 ||     4
         Potion            |       |     3 ||     3
 Armour: Robe              |     3 |    41 ||    44
  Dodge: Dodged            |     9 |    25 ||    34

Table legend: (Time is in decaauts)
 A = Elapsed time spent in this place.
 B = Non-inter-level travel time spent in this place.
 C = Inter-level travel time spent in this place.
 D = Time resting spent in this place.
 E = Time spent auto-exploring this place.
 F = Levels seen in this place.
 G = Mean time per level.
                   A        B        C        D        E       F      G
               +--------+--------+--------+--------+--------+-----+--------+
         Total |   2997 |   2949 |     48 |    628 |   1880 |   4 |  749.2 |
       Dungeon |   2402 |   2354 |     48 |    190 |   1781 |   3 |  800.7 |
         Sewer |    595 |    595 |      0 |    438 |     99 |   1 |  595.0 |
               +--------+--------+--------+--------+--------+-----+--------+

Top non-repeatable levels by time:
     D:2: 1285 daAuts
     D:1: 1024 daAuts
   Sewer: 595 daAuts
     D:3: 92 daAuts
